 Dungeon Crawl Stone Soup version 0.17.0-24-gcfadda4 (webtiles) character file.

483 Rationalist the Shield-Bearer (level 7, -3/55 HPs)
             Began as a Formicid Fighter on Nov 18, 2015.
             Slain by an ogre
             ... wielding a +0 giant club
              (18 damage)
             ... on level 5 of the Dungeon.
             The game lasted 00:07:51 (4521 turns).

Rationalist the Shield-Bearer (Formicid Fighter)    Turns: 4521, Time: 00:07:51

Health: -3/55      AC:  7    Str: 21    XL:     7   Next: 34%
Magic:  7/7        EV:  9    Int:  7    God:
Gold:   295        SH: 10    Dex: 12    Spells: 0 memorised, 6 levels left

rFire  x . .     SeeInvis +     a - +0 war axe
rCold  + . .     Clarity  .     b - +0 scale mail
rNeg   . . .     SustAt   .     c - +0 shield
rPois  .         Gourm    .     (helmet unavailable)
rElec  .         Spirit   .     (no cloak)
rCorr  .         Warding  .     (no gloves)
rMut   .         Stasis   +     (no boots)
MR     .....                    (no amulet)
Stlth  ..........               (no ring)
                                d - ring of ice (curse)

@: not resistant to hostile enchantments, extremely unstealthy
A: permanent stasis, dig shafts and tunnels, four strong arms, antennae 3
a: Dig, Shaft Self


You were on level 5 of the Dungeon.
You were not hungry.

You visited 1 branch of the dungeon, and saw 5 of its levels.

You collected 295 gold pieces.

Inventory:

Hand Weapons
 a - a +0 war axe (weapon)
Missiles
 h - 57 sling bullets
 i - 8 javelins (quivered)
 t - 11 poisoned needles
 x - 31 bolts
Armour
 b - a +0 scale mail (worn)
 c - a +0 shield (worn)
Jewellery
 d - a cursed ring of ice (left hand)
 B - a cursed amulet of inaccuracy {unknown}
Scrolls
 f - a scroll of magic mapping {unknown}
 g - 2 scrolls of teleportation {unknown}
 j - a scroll of enchant armour {unknown}
 k - 4 scrolls of amnesia
 o - a scroll of enchant weapon {unknown}
 r - a scroll of fear {unknown}
 w - 2 scrolls of remove curse
Potions
 m - a potion of agility
 n - a potion of curing
 p - 2 potions of cancellation
 q - a potion of invisibility
 s - a potion of resistance
 u - a potion of flight
 z - a potion of cure mutation
Comestibles
 e - 3 bread rations
 l - 3 beef jerkies
 v - a meat ration
 A - a chunk of flesh


   Skills:
 + Level 4.6 Fighting
 + Level 3.5 Axes
 + Level 0.4 Throwing
 + Level 5.0 Armour
 + Level 2.3 Dodging
 + Level 5.4 Shields


You had 6 spell levels left.
You didn't know any spells.

Dungeon Overview and Level Annotations

Branches:
Dungeon (5/15)             Temple (0/1) D:5

Altars:
Dithmenos
Okawaru
Sif Muna
Zin

Shops:
D:3 *


Innate Abilities, Weirdness & Mutations

You are under a permanent stasis effect.
You can dig through walls and to a lower floor.
Your four strong arms can wield two-handed weapons with a shield.
You have a pair of large antennae on your head (SInv).


Message History

The ogre is lightly wounded.
You block the ogre's attack.
Your shield prevents you from hitting the ogre.
The ogre is lightly wounded.
You block the ogre's attack.
Your shield prevents you from hitting the ogre.
The ogre is lightly wounded.
You block the ogre's attack.
You slash the ogre!
The ogre is moderately wounded.
The ogre hits you with a giant club!!
* * * LOW HITPOINT WARNING * * *
The ogre barely misses you.
You slash the ogre!
The ogre is almost dead.
You block the ogre's attack.
Your scale mail prevents you from hitting the ogre.
The ogre is almost dead.
The ogre hits you with a giant club!!
You die...

### ### #.. ..# #.#######.#
#......##O# . #..###.##.#
.. #..# #.##.# #..
#..###.##.##########
....##.........O@........
#........................
##.###...#####.##.#######.#
#...#####.##.# ##. {
#........<##.# ###..
####..########.# #...#
..#..# #># #.#.# #.#..#
#.###...# #.#..# #.......#


You could see an ogre.

Vanquished Creatures
  A phantom (D:5)
  An ogre (D:5)
  A crimson imp (D:4)
  A worker ant (D:5)
  Robin (D:3)
  4 river rats (D:3)
  5 adders
  4 gnolls (D:4)
  3 oozes
  An adder zombie (D:5)
  3 worms
  A giant gecko (D:1)
  7 orcs
  7 bats
  2 giant cockroaches
  21 goblins
  6 hobgoblins
  7 jackals
  9 kobolds
  A quokka (D:4)
  2 ball pythons
  2 giant newts
  9 rats
  3 plants (D:3)
102 creatures vanquished.

Vanquished Creatures (others)
  2 plants (D:3)
2 creatures vanquished.

Grand Total: 104 creatures vanquished

Notes
Turn   | Place    | Note
--------------------------------------------------------------
     0 | D:1      | Rationalist the Formicid Fighter began the quest for the Orb.
     0 | D:1      | Reached XP level 1. HP: 18/18 MP: 1/1
   109 | D:1      | Reached XP level 2. HP: 17/24 MP: 2/2
   737 | D:1      | Reached XP level 3. HP: 29/29 MP: 3/3
   848 | D:1      | Reached skill level 4 in Shields
  1334 | D:2      | Reached XP level 4. HP: 35/37 MP: 4/4
  1440 | D:2      | Reached skill level 1 in Dodging
  1456 | D:2      | Found an iron altar of Okawaru.
  2272 | D:3      | Noticed Robin
  2304 | D:3      | Killed Robin
  2304 | D:3      | Reached XP level 5. HP: 6/42 MP: 5/5
  2816 | D:3      | Found an iron altar of Okawaru.
  2924 | D:3      | Found Zin's Purification Station.
  2940 | D:3      | Found a glowing silver altar of Zin.
  3173 | D:3      | Found a shadowy altar of Dithmenos.
  3437 | D:4      | Reached XP level 6. HP: 32/48 MP: 6/6
  4230 | D:4      | Found a deep blue altar of Sif Muna.
  4258 | D:5      | Entered Level 5 of the Dungeon
  4313 | D:5      | Found a staircase to the Ecumenical Temple.
  4395 | D:5      | Reached skill level 5 in Shields
  4450 | D:5      | Reached XP level 7. HP: 24/55 MP: 7/7
  4462 | D:5      | Reached skill level 5 in Armour
  4521 | D:5      | Slain by an ogre

Action                   |  1- 3 |  4- 6 |  7- 9 || total
-------------------------+-------+-------+-------++-------
Melee: War axe           |   123 |   303 |    14 ||   440
Throw: Javelin           |       |     6 |       ||     6
 Abil: Dig               |       |     1 |       ||     1
  Use: Scroll            |     1 |     5 |     3 ||     9
       Potion            |       |     1 |       ||     1
  Eat: Chunk             |     1 |    11 |     1 ||    13
